 Dungeon Crawl Stone Soup version 0.30-a0-170-g85af917532 (webtiles) character file.

Game seed: 1954839925230550467

86 qw the Chopper (level 4, 0/28 HPs)
             Began as a Gargoyle Fighter on Sept 30, 2022.
             Killed from afar by an orc wizard (1 damage)
             ... with a magic dart
             ... on level 2 of the Dungeon.
             The game lasted 00:00:33 (1418 turns).

qw the Chopper (Gargoyle Fighter)                   Turns: 1418, Time: 00:00:34

Health: 0/28       AC: 12    Str: 22    XL:     4   Next: 49%
Magic:  4/4        EV:  9    Int:  8    God:
Gold:   38         SH:  0    Dex:  9    Spells: 3/3 levels left

rFire   . . .      SeeInvis .    Y - +0 war axe
rCold   . . .      Faith    .    c - +0 buckler
rNeg    + . .      Spirit   .    b - +0 scale mail
rPois   inf        Reflect  .    (no helmet)
rElec   +          Harm     .    j - +0 cloak
rCorr   .          Rampage  .    (no gloves)
Will    .....                    k - +0 pair of boots
Stlth   ..........               (no amulet)
HPRegen 0.09/turn                (no ring)
MPRegen 0.09/turn                (no ring)

@: confused
A: sickness immunity, AC +3, negative energy resistance 1, electricity
resistance, torment resistance 1, petrification resistance
a: no special abilities


You were on level 2 of the Dungeon.
You visited 1 branch of the dungeon, and saw 2 of its levels.

You collected 38 gold pieces.


Innate Abilities, Weirdness & Mutations

You are immune to sickness and miasma.
Your stone body is resilient. (AC +3)
You are immune to poison.
You resist negative energy. (rN+)
You are resistant to electric shocks. (rElec)
You are resistant to unholy torment.
You are immune to petrification.


   Skills:
 - Level 3.2 Fighting
 + Level 3.5 Axes
 - Level 1.8 Throwing
 - Level 3.2 Armour
 - Level 3.2 Shields


You had 3 spell levels left.
You didn't know any spells.
Your spell library was empty.

Inventory:

Hand Weapons
 i - a +0 flail
 Y - a +0 war axe (weapon)
Missiles
 g - 2 silver javelins (quivered)
Armour
 b - a +0 scale mail (worn)
 c - a +0 buckler (worn)
 j - a +0 cloak (worn)
 k - a +0 pair of boots (worn)
Scrolls
 a - a scroll of identify {unknown}
 e - a scroll of immolation {unknown}
 m - a scroll of poison {unknown}
 n - a scroll of blinking {unknown}
Potions
 d - a potion of might
 f - 2 potions of degeneration {unknown}
 h - a potion of magic {unknown}
 l - a potion of heal wounds {unknown}

Dungeon Overview and Level Annotations

Branches:
Dungeon (2/15)

Altars:


Message History

The orc priest is severely wounded.
The orc priest barely misses you.
You closely miss the orc.
The orc priest calls down the wrath of Beogh upon you.
Beogh smites you! You block the orc's attack.
You slash the orc!
You kill the orc!
The orc priest hits you but does no damage.
An orc wizard comes into view. It is wielding a +0 dagger.
You have reached level 4!
You feel stronger.
You closely miss the orc priest.
The orc priest is severely wounded.
The orc priest barely misses you.
An orc comes into view. It is wielding a +0 whip.
The orc shouts!
You slash the orc priest!
You kill the orc priest!
Your Throwing skill increases to level 1!
You barely miss the orc wizard.
The orc wizard hits you but does no damage.
The orc wizard hits you with a +0 dagger.
You closely miss the orc wizard.
An orc comes into view.
It is wielding a +0 flail and wearing a +1 leather armour of positive energy.
The orc wizard hits you but does no damage.
You slash the orc wizard!
The orc wizard is almost dead.
The orc wizard points at you and mumbles some strange words.
You are confused.
You miss the orc wizard.
The orc wizard is almost dead.
The orc wizard hits you but does no damage. x2
You completely miss the orc wizard.
The orc wizard is almost dead.
The orc wizard gestures at you while chanting.
The puff of flame hits you.
You bump into the rock wall.
The orc wizard closely misses you.
The orc wizard gestures at you while chanting.
The magic dart hits you.
You die...

. #.## #. #...
.#####.## .......#
#..#.#.#
##########..#.#.# #
#...........#.#.##
#o##.######.###......
#oo.@.# #.# #..#.##
####..# #.# #..#.##
#..# #.# #.%.... #..#
#.# #.##.#. #..# #.#
#.##.#. #..# #.#
#...... #..# ##
######... #..#
............
#.#######..


You could see an orc wizard and 2 orcs.

Vanquished Creatures
  An orc priest (D:2)
  2 gnolls (D:1)
  A worm (D:2)
  A dart slug (D:2)
  An orc (D:2)
  3 ball pythons (D:2)
  7 endoplasms
  4 kobolds
  2 quokkas
  3 bats
  A frilled lizard (D:1)
  A goblin (D:1)
  6 rats
33 creatures vanquished.

Notes
Turn   | Place    | Note
-------+----------+-------------------------------------------
     0 | D:1      | qw the Gargoyle Fighter began the quest for the Orb.
     0 | D:1      | Reached XP level 1. HP: 14/14 MP: 1/1
     0 | D:1      | 0 ||| qw: Version: 0.2-a-13-gfc7b4b4
     0 | D:1      | 0 ||| qw: Game counter: 1682
     0 | D:1      | 0 ||| qw: Always use a shield: true
     0 | D:1      | 0 ||| qw: God list: Okawaru
     0 | D:1      | 0 ||| qw: Allow faded altars: false
     0 | D:1      | 0 ||| qw: Do Orc after D:15 true
     0 | D:1      | 0 ||| qw: Do second Lair branch before Depths: true
     0 | D:1      | 0 ||| qw: Lair rune preference: random
     0 | D:1      | 0 ||| qw: Plans: Normal, Zot:1-4, God:TSO, Crypt, Tomb,
                  | Pan, Slime:5, Hells, Abyss, Orb
     0 | D:1      | 0 ||| PLANNING D:1-11
   169 | D:1      | 169 ||| DROPPING +0 club.
   179 | D:1      | Found a faded altar of an unknown god.
   225 | D:1      | Reached XP level 2. HP: 19/19 MP: 2/2
   279 | D:1      | 279 ||| Stepping ~*~*~tactically~*~*~ (stealth).
   284 | D:1      | HP: 3/19 [gnoll/+0 club (3)]
   302 | D:1      | Reached skill level 3 in Axes
   611 | D:1      | Reached XP level 3. HP: 23/23 MP: 3/3
   694 | D:1      | 694 ||| DROPPING +0 whip.
  1004 | D:1      | 1004 ||| UPGRADING to +0 cloak.
  1009 | D:1      | 1009 ||| UPGRADING to +0 pair of boots.
  1014 | D:1      | 1014 ||| DROPPING ring of magical power.
  1015 | D:1      | 1015 ||| READING 2 scrolls labelled ASOCAN OGAUNUOJ.
  1016 | D:1      | 1016 ||| DROPPING scroll of magic mapping.
  1042 | D:2      | 1042 ||| Stepping ~*~*~tactically~*~*~ (stealth).
  1048 | D:2      | 1048 ||| Stepping ~*~*~tactically~*~*~ (stealth).
  1062 | D:2      | 1062 ||| Stepping ~*~*~tactically~*~*~ (stealth).
  1071 | D:2      | 1071 ||| Stepping ~*~*~tactically~*~*~ (stealth).
  1081 | D:2      | 1081 ||| Stepping ~*~*~tactically~*~*~ (hiding).
  1115 | D:2      | 1115 ||| Stepping ~*~*~tactically~*~*~ (stealth).
  1118 | D:2      | 1118 ||| Stepping ~*~*~tactically~*~*~ (stealth).
  1271 | D:2      | 1271 ||| Stepping ~*~*~tactically~*~*~ (stealth).
  1361 | D:2      | 1361 ||| Stepping ~*~*~tactically~*~*~ (hiding).
  1408 | D:2      | HP: 5/23 [orc priest/divine providence (11)]
  1410 | D:2      | Reached XP level 4. HP: 6/28 MP: 4/4
  1412 | D:2      | Reached skill level 1 in Throwing
  1416 | D:2      | HP: 1/28 [orc wizard/puff of flame (5)]
  1418 | D:2      | Killed from afar by an orc wizard

Levels and vault maps discovered:
D:1:      kennysheep_arrival_forest, layout_rooms,
          hellmonk_ecumenical_altar_zigzags
D:2:      layout_loops_ring, uniq_terence, uniq_crazy_yiuf_cottage

Skill      XL: |  1  2  3  4 |
---------------+-------------+-----
Axes           | 2 3 |  3.5
Throwing       | 1 |  1.8
Fighting       | |  3.2
Armour         | |  3.2
Shields        | |  3.2

Action                   |  1- 3 |  4- 6 || total
-------------------------+-------+-------++-------
Melee: War axe           |   108 |     7 ||   115
Throw: Javelin           |    13 |       ||    13
  Use: Scroll            |     1 |       ||     1
Armor: Scale mail        |    59 |     4 ||    63
Dodge: Dodged            |    42 |     2 ||    44
Block: Buckler           |    26 |       ||    26

Table legend:
 A = Non-vault XP
 B = Vault XP
 C = Vault XP percentage of total XP
 D = Non-vault monster count
 E = Vault monster count
 F = Vault count percentage of total count
                 A         B        C        D         E       F
            +---------+---------+-------+---------+---------+-------
      Total |     123 |       0 |   0.0 |      33 |       0 |   0.0
            +---------+---------+-------+---------+---------+-------
        D:1 |      55 |       0 |   0.0 |      20 |       0 |   0.0
        D:2 |      68 |       0 |   0.0 |      13 |       0 |   0.0
            +---------+---------+-------+---------+---------+-------
